 Dungeon Crawl Stone Soup version 0.29.1-1-gd02db6906a (webtiles) character file.

Game seed: 8391007576609706416

5 Acheron the Conjurer (level 1, 0/14 HPs)
             Began as a Human Conjurer on Sept 28, 2022.
             Slain by a jackal (3 damage)
             ... on level 1 of the Dungeon.
             The game lasted 00:02:24 (543 turns).

Acheron the Conjurer (Human Conjurer)                Turns: 543, Time: 00:02:24

Health: 0/14       AC:  2    Str:  7    XL:     1   Next: 88%
Magic:  1/3        EV: 12    Int: 18    God:
Gold:   8          SH:  0    Dex: 11    Spells: 3/4 levels left

rFire   . . .      SeeInvis .   (no weapon)
rCold   . . .      Faith    .   (no shield)
rNeg    . . .      Spirit   .   a - +0 robe
rPois   .          Reflect  .   (no helmet)
rElec   .          Harm     .   (no cloak)
rCorr   .          Rampage  .   (no gloves)
Will    .....                   (no boots)
Stlth   ++........              (no amulet)
HPRegen 0.04/turn               (no ring)
MPRegen 0.08/turn               (no ring)

@: no status effects
A: no striking features
a: no special abilities


You were on level 1 of the Dungeon.
You visited 1 branch of the dungeon, and saw 1 of its levels.

You collected 8 gold pieces.

Inventory:

Missiles
 c - 2 stones (quivered)
Armour
 a - a +0 robe (worn)
 e - a +0 leather armour
Scrolls
 d - a scroll of identify
Potions
 b - a potion of magic


   Skills:
 * Level 0.7 Fighting
 * Level 2.0 Dodging
 * Level 2.0 Stealth
 + Level 2.0 Spellcasting
 + Level 4.1 Conjurations


You had 3 spell levels left.
You knew the following spells:

 Your Spells              Type           Power      Damage    Failure   Level
a - Magic Dart            Conj           64%        1d6       3%          1

Your spell library contained the following spells:

 Spells                   Type           Power      Damage    Failure   Level
 Searing Ray              Conj           32%        2d5       4%          2
 Dazzling Flash           Conj/Hex       18%        N/A       24%         3
 Fulminant Prism          Conj/Hex       4%         3d6       61%         4
 Iskenderun's Mystic Bla  Conj/Tloc      9%         2d4       61%         4


Dungeon Overview and Level Annotations

Branches:
Dungeon (1/15)

Altars:


Message History

Aim: a jackal (100% to hit)
The magic dart hits the jackal.
The jackal is severely wounded.
The jackal barely misses you. The jackal misses you.
You hit the jackal.
You kill the jackal!
Casting: Magic Dart (safe; 3% risk of failure)
Confirm with . or Enter, or press ? or * to list all spells.
Aiming: Magic Dart (safe; 3% risk of failure)
Press: ? - help, Shift-Dir - straight line, f - jackal
Aim: a jackal (100% to hit)
The magic dart hits the jackal but does no damage.
The jackal closely misses you.
Casting: Magic Dart (safe; 3% risk of failure)
Confirm with . or Enter, or press ? or * to list all spells.
Aiming: Magic Dart (safe; 3% risk of failure)
Press: ? - help, Shift-Dir - straight line, f/p - jackal
Aim: a jackal (100% to hit)
The magic dart hits the jackal.
The jackal is heavily wounded.
You hit the jackal but do no damage. The jackal bites you.
You hit the jackal but do no damage. The jackal misses you.
The jackal closely misses you.
You hit the jackal but do no damage. The jackal bites you.
You closely miss the jackal. The jackal barely misses you.
As you read the scroll labelled OJAIRI YFRO, it crumbles to dust.
It is a scroll of identify.
You don't have any unidentified items.
The jackal bites you but does no damage.
The jackal barely misses you.
You hit the jackal but do no damage. The jackal barely misses you.
You hit the jackal but do no damage. The jackal bites you.
The jackal misses you.
You closely miss the jackal. Your punch misses the jackal.
The jackal bites you.
You hit the jackal but do no damage. The jackal bites you.
* * * LOW HITPOINT WARNING * * *
You hit the jackal but do no damage. The jackal closely misses you.
The jackal bites you.
You die...

## ##...#'#...###........#
##.##.##.## #........######
##'##.##'####..............
##.##...##.##..........#####
#.##.....##.#........#.#
##'.......'##........#.#
###.....####........#.#
##...## #........#.# ##.##
#@######## ### #h#


#hh #..# ...# ##+# You could see 3 jackals.

Vanquished Creatures
  A jackal (D:1)
  A quokka (D:1)
  A ball python (D:1)
  2 frilled lizards (D:1)
  A rat (D:1)
6 creatures vanquished.

Notes
Turn   | Place    | Note
-------+----------+-------------------------------------------
     0 | D:1      | Acheron the Human Conjurer began the quest for the Orb.
     0 | D:1      | Reached XP level 1. HP: 13/13 MP: 3/3
   543 | D:1      | Slain by a jackal

Illustrated notes

Levels and vault maps discovered:
D:1:      dpeg_arrival_rhombi, layout_basic, shapermc_ecumenical_altar_venn

Action                   || total
-------------------------++-------
Melee: Unarmed           ||    30
 Cast: Magic Dart        ||    12
  Use: Scroll            ||     1
Armor: Robe              ||     3
Dodge: Dodged            ||    29
